Map: Heavy Artillery LE

Players

Massa

  • Race: Terran Terran
  • League: Platinum
  • Spawn Location: 1:00

qqq

  • Race: Zerg Zerg
  • Spawn Location: 3:00

Byegas - Winner!

  • Race: Terran Terran
  • League: Platinum
  • Spawn Location: 7:00

villegas - Winner!

  • Race: Protoss Protoss
  • League: Platinum
  • Spawn Location: 7:00

VOD

Have the link to the VOD?

Description

Time

  • Played on: Oct. 28, 2020, 3:51 p.m.
  • Length: 7:07
Show
View Real Time Build Order
Export as new Build Order

Massa Terran 

Build Orders: Gas First Reaper Expand 

Get SALT Encoding   

  12  0:00  SCV  
  13  0:12  SCV  
  14  0:23  Supply Depot  
  14  0:25  SCV  
  15  0:30  Refinery  
  15  0:45  SCV  
  15  0:47  Barracks  
  16  0:57  SCV  
  17  1:09  SCV  
  18  1:21  SCV  
  19  1:34  Reaper  
  19  1:35  Orbital Command  
  20  1:44  Command Center  
  20  2:03  SCV, Supply Depot  
  20  2:05  Marine  
  22  2:10  Factory  
  22  2:31  Barracks Reactor  
  22  2:34  SCV  
  23  2:46  SCV  
  24  2:58  Orbital Command  
  24  3:03  Starport  
  24  3:08  Marine x2  
  24  3:11  SCV  
  27  3:16  Factory Tech Lab  
  27  3:23  SCV  
  27  3:26  Marine x2  
  29  3:32  SCV  
  30  3:35  SCV  
  30  3:39  Medivac  
  33  3:44  Marine x2  
  33  3:45  SCV  
  33  3:46  Widow Mine, Refinery  
  33  3:47  SCV  
  39  3:51  Barracks  
  39  3:55  Barracks  
  39  4:02  Marine x2  
  41  4:04  Engineering Bay  
  41  4:08  Refinery  
  43  4:10  Widow Mine  
  43  4:13  SCV x2  
  45  4:19  Marine  
  46  4:29  Supply Depot x2  
  46  4:30  Supply Depot x2  
  46  4:34  Missile Turret  
  46  4:38  Missile Turret  
  46  4:40  Barracks Tech Lab  
  46  4:43  Barracks Reactor  
  46  4:50  SCV x2, Marine x2  
  50  4:53  Liberator  
  50  4:55  Widow Mine  
  50  4:58  Supply Depot  
  55  5:04  SCV x2  
  51  5:08  Marine x2  
  53  5:16  Widow Mine, SCV x2, Missile Turret  
  57  5:24  Missile Turret  
  57  5:28  SCV, Missile Turret  
  52  5:37  Marine  
  53  5:45  Orbital Command  
  53  5:48  Marine  
  50  5:59  Medivac  
  44  6:12  Barracks  
  44  6:13  Barracks  
  44  6:14  Barracks x2  
  44  6:15  Barracks  
  38  6:21  Supply Depot  
  35  6:44  Missile Turret  
  35  6:45  Missile Turret  
  25  7:00  Barracks  
  25  7:01  Barracks  
Show
View Real Time Build Order
Export as new Build Order

qqq Zerg 

Build Orders: Hatch First 

Get SALT Encoding   

  12  0:00  Drone  
  13  0:10  Drone  
  14  0:35  Hatchery  
  13  0:38  Drone  
  14  0:55  Spawning Pool  
  13  1:01  Overlord  
  13  1:06  Drone  
  13  1:09  Extractor  
  13  1:14  Drone  
  14  1:22  Drone  
  14  1:24  Drone  
  16  1:34  Drone  
  17  1:44  Queen  
  19  1:48  Drone  
  19  1:49  Drone  
  21  1:57  Queen  
  23  2:01  Drone  
  23  2:05  Drone  
  25  2:12  Overlord  
  25  2:21  Lair  
  25  2:24  Zergling x2  
  25  2:27  Drone  
  27  2:34  Zergling x2  
  27  2:35  Drone  
  27  2:36  Drone  
  30  2:43  Zergling x2  
  31  2:47  Drone  
  32  2:57  Zergling x2  
  32  2:58  Zergling x2  
  34  2:59  Metabolic Boost  
  34  3:00  Overlord  
  34  3:01  Zergling x2  
  34  3:03  Drone  
  36  3:12  Overlord  
  36  3:19  Drone x3  
  40  3:20  Drone  
  40  3:21  Zergling x2  
  41  3:31  Zergling x6  
  44  3:36  Drone x2  
  46  3:50  Drone  
  46  3:51  Zergling x2  
  46  3:52  Nydus Network  
  46  3:54  Zergling x6  
  50  4:13  Zergling x4  
  50  4:14  Overlord x2  
  50  4:16  Overlord  
  52  4:21  Hatchery  
  51  4:29  Drone  
  51  4:30  Zergling x2, Baneling Nest  
  52  4:31  Overlord x2  
  52  4:37  Extractor  
  51  4:40  Zergling x2  
  51  4:44  Nydus Canal  
  52  4:47  Drone x2  
  52  4:48  Drone x2  
  52  4:49  Drone  
  57  4:56  Zergling x2  
  55  5:17  Zergling x4  
  55  5:18  Zergling x4  
  56  5:25  Zergling x4  
  56  5:26  Zergling x2  
  58  5:34  Zergling x2  
  58  5:35  Zergling x8  
  57  5:36  Zergling x2  
  59  5:44  Zergling x2  
  59  5:45  Zergling x4  
  58  5:54  Zergling x2  
  58  5:55  Zergling x8  
  58  6:03  Zergling x2  
  55  6:13  Zergling x2  
  56  6:22  Hatchery  
  55  6:26  Hatchery  
  52  6:46  Zergling x6  
  50  6:47  Zergling x8  
Show
View Real Time Build Order
Export as new Build Order

Byegas Terran - Winner!

Build Orders: 2 Factory 

Get SALT Encoding   

  12  0:00  SCV  
  13  0:12  SCV  
  14  0:17  Supply Depot  
  14  0:24  SCV  
  15  0:38  SCV  
  15  0:40  Barracks  
  16  0:50  SCV  
  16  0:52  Refinery  
  16  0:55  Refinery  
  17  1:02  SCV  
  18  1:14  SCV  
  19  1:27  SCV  
  19  1:30  Marine, Supply Depot  
  21  1:39  SCV  
  22  1:44  Factory  
  22  1:48  Marine  
  22  1:52  Orbital Command  
  23  2:16  Factory  
  23  2:18  SCV  
  24  2:27  Factory Tech Lab  
  24  2:30  SCV  
  24  2:36  Barracks Reactor  
  25  2:46  Siege Tank, Supply Depot  
  28  3:00  Factory Tech Lab  
  28  3:02  Factory Reactor  
  28  3:13  Marine x2  
  28  3:19  Siege Tank  
  33  3:20  Supply Depot  
  33  3:31  Marine x2  
  35  3:38  SCV  
  35  3:40  Widow Mine x2  
  40  3:49  Marine x2  
  40  3:50  SCV  
  43  3:57  Siege Tank  
  43  4:01  Widow Mine x2  
  50  4:07  Marine  
  51  4:17  Marine  
  51  4:22  Widow Mine  
  54  4:29  Siege Tank  
  57  4:33  Marine  
  57  4:35  Widow Mine, Marine  
  61  4:41  Supply Depot  
  61  4:44  Widow Mine  
  63  5:02  Marine  
  64  5:23  Siege Tank  
  64  5:24  Widow Mine x2  
  71  5:30  Marine x2  
  62  5:46  Widow Mine x2  
  62  5:48  Marine x2  
  68  5:51  SCV  
  68  5:55  Widow Mine  
  70  6:03  SCV  
  71  6:10  Widow Mine  
  71  6:11  Marine  
  71  6:12  Marine  
  70  6:31  Siege Tank  
  61  6:47  SCV  
Show
View Real Time Build Order
Export as new Build Order

villegas Protoss - Winner!

Build Orders:  

Get SALT Encoding   

  12  0:01  Probe (Chrono Boost)  
  13  0:10  Probe (Chrono Boost)  
  14  0:15  Probe (Chrono Boost)  
  15  0:36  Pylon  
  15  0:42  Assimilator  
  15  0:45  Assimilator  
  15  0:54  Probe (Chrono Boost), Gateway  
  16  1:06  Probe (Chrono Boost)  
  17  1:15  Probe (Chrono Boost)  
  18  1:24  Probe  
  19  1:36  Probe  
  20  1:46  Cybernetics Core  
  20  1:48  Probe  
  21  1:58  Nexus  
  21  2:03  Probe  
  22  2:15  Probe  
  23  2:35  Stargate  
  23  2:40  Pylon  
  23  2:43  Stargate  
  23  2:59  Forge  
  23  3:11  Probe (Chrono Boost)  
  23  3:12  Void Ray (Chrono Boost)  
  24  3:16  Probe (Chrono Boost)  
  26  3:21  Probe (Chrono Boost)  
  26  3:24  Probe (Chrono Boost)  
  31  3:27  Probe (Chrono Boost)  
  31  3:28  Void Ray (Chrono Boost)  
  31  3:29  Probe (Chrono Boost)  
  37  3:36  Photon Cannon  
  37  3:40  Photon Cannon  
  37  3:47  Probe  
  38  3:50  Probe  
  38  3:55  Assimilator  
  39  3:59  Probe  
  39  4:00  Pylon  
  39  4:02  Probe  
  41  4:03  Assimilator  
  41  4:05  Void Ray (Chrono Boost)  
  41  4:11  Probe  
  46  4:18  Probe  
  46  4:21  Void Ray (Chrono Boost)  
  51  4:37  Photon Cannon  
  51  4:38  Probe (Chrono Boost)  
  52  4:42  Photon Cannon  
  53  4:48  Probe (Chrono Boost)  
  53  4:49  Probe (Chrono Boost)  
  54  5:03  Probe  
  54  5:12  Void Ray  
  42  5:43  Void Ray  
  42  5:49  Void Ray  
  39  6:10  Probe (Chrono Boost)  
  40  6:19  Probe (Chrono Boost)  
  40  6:24  Probe (Chrono Boost)  
  41  6:36  Probe  
  42  6:48  Probe  
Tags
 
Add a new tag
Caveats
  • Supply blocks, unpowered buildings, or Contaminate may cause inaccurate times.
  • Supply counts are checked every 10 seconds.